 Dungeon Crawl Stone Soup version 0.28-a0-1190-g77e1c55843 (webtiles) character file.

Game seed: 15045592997484992493

119 Gargoyl the Skirmisher (level 5, 0/47 HPs)
             Began as a Gnoll Abyssal Knight on Dec 18, 2021.
             Was a Follower of Lugonu.
             Slain by a gnoll (4 damage)
             ... on level 2 of the Dungeon.
             The game lasted 00:01:47 (2405 turns).

Gargoyl the Skirmisher (Gnoll Abyssal Knight)       Turns: 2405, Time: 00:01:48

Health: 0/47       AC:  6    Str: 14    XL:     5   Next: 3%
Magic:  0/8        EV: 11    Int: 10    God:    Lugonu [*.....]
Gold:   55         SH:  0    Dex: 12    Spells: 6/6 levels left

rFire   . . .      SeeInvis .   a - +2 hand axe
rCold   . . .      Faith    .   (no shield)
rNeg    . . .      Spirit   +   i - +0 ring mail
rPois   .          Reflect  .   (no helmet)
rElec   .          Harm     .   (no cloak)
rCorr   .          Rampage  .   (no gloves)
Will    .....                   (no boots)
Stlth   +.........              e - amulet of guardian spirit
HPRegen 0.15/turn               (no ring)
MPRegen 0.11/turn               (no ring)

@: no status effects
A: fangs 1, strong nose, distributed training
a: Renounce Religion, Depart the Abyss


You were on level 2 of the Dungeon.
You worshipped Lugonu.
Lugonu was aware of your devotion.
You visited 1 branch of the dungeon, and saw 3 of its levels.
You visited the Abyss 1 time.

You collected 55 gold pieces.

Inventory:

Hand Weapons
 a - a +2 hand axe (weapon)
Armour
 i - a +0 ring mail (worn)
Jewellery
 e - an amulet of guardian spirit (around neck)
Scrolls
 c - a scroll of identify
Potions
 b - a potion of haste {unknown}
 d - a potion of resistance
 f - a potion of curing {unknown}
 g - a potion of lignification {unknown}
 h - a potion of might {unknown}


   Skills:
 + Level 6.6 Fighting
 + Level 1.3 Short Blades
 + Level 1.3 Long Blades
 + Level 4.7 Axes
 + Level 1.3 Maces & Flails
 + Level 1.3 Polearms
 + Level 1.3 Staves
 + Level 1.3 Slings
 + Level 1.3 Bows
 + Level 1.3 Crossbows
 + Level 1.3 Throwing
 + Level 4.7 Armour
 + Level 2.8 Dodging
 + Level 1.3 Stealth
 + Level 1.3 Shields
 + Level 1.3 Unarmed Combat
 + Level 1.3 Spellcasting
 + Level 1.0 Conjurations
 + Level 1.0 Hexes
 + Level 1.0 Summonings
 + Level 1.0 Necromancy
 + Level 1.0 Translocations
 + Level 1.0 Transmutations
 + Level 1.0 Fire Magic
 + Level 1.0 Ice Magic
 + Level 1.0 Air Magic
 + Level 1.0 Earth Magic
 + Level 1.0 Poison Magic
 + Level 4.8 Invocations
 + Level 1.3 Evocations


You had 6 spell levels left.
You didn't know any spells.
Your spell library was empty.

Dungeon Overview and Level Annotations

Branches:
Dungeon (3/15)

Altars:


Innate Abilities, Weirdness & Mutations

You have very sharp teeth.
Your uncanny sense of smell can sniff out nearby items.
Your experience applies equally to all skills.


Message History

The gnoll barely misses you.
Unknown command.
You slash the gnoll!
You kill the gnoll!
Lugonu accepts your kill.
You hit the gnoll. You closely miss the gnoll. The gnoll barely misses you.
The gnoll closely misses you.
You have reached level 5!
Unknown command.
You hit the gnoll.
The gnoll is severely wounded.
You hit the gnoll but do no damage. The gnoll hits you with a +0 halberd.
The gnoll hits you with a +0 club.
Unknown command.
You hit the gnoll but do no damage. You bite the gnoll, but do no damage.
The gnoll is severely wounded.
You hit the gnoll. The gnoll hits you with a +0 halberd.
* * * LOW HITPOINT WARNING * * *
The gnoll hits you with a +0 club.
* * * LOW HITPOINT WARNING * * *
Unknown command.
You hit the gnoll.
The gnoll is almost dead.
You hit the gnoll. The gnoll barely misses you.
The gnoll hits you with a +0 club!
* * * LOW HITPOINT WARNING * * *
Unknown command.
You barely miss the gnoll.
The gnoll is almost dead.
You hit the gnoll. The gnoll barely misses you.
The gnoll hits you with a +0 club.
* * * LOW HITPOINT WARNING * * *
Unknown command.
You barely miss the gnoll.
The gnoll is almost dead.
You hit the gnoll.
You kill the gnoll!
Lugonu accepts your kill. The gnoll closely misses you.
The gnoll hits you with a +0 halberd.
You die...

.##.........................#####
.##.....>###................#....
.##......# ##..............##....
.##......####......)#.....###....
.#.......##...##..#####..........
.#..........####.## ##.....##....
.#.............#.# #.......#.###
.........#####.#)####.........#
#........# ###.#@##.........###
#..##...####...)g#.........##
#..#..#.............#.......#
...#.##...######.#.##.......#
.#.....).## ###.............#
#......### #..............##
.....### ####..............#
.....# ##.................#
.#...# #..##..............#


You could see a gnoll.

Vanquished Creatures
  6 adders (D:2)
  3 gnolls (D:2)
  A worm (D:2)
  2 ball pythons
  3 endoplasms
  2 giant cockroaches (D:1)
  3 goblins
  7 hobgoblins
  3 quokkas
  A bat (D:1)
  5 frilled lizards
  6 kobolds
  5 rats
47 creatures vanquished.

Notes
Turn   | Place    | Note
-------+----------+-------------------------------------------
     0 | Abyss:1  | Gargoyl the Gnoll Abyssal Knight began the quest for the
                  | Orb.
     0 | Abyss:1  | Reached XP level 1. HP: 23/23 MP: 3/3
    33 | Abyss:1  | Noticed a small abomination
    34 | Abyss:1  | Noticed an iron giant simulacrum
    40 | D:1      | Escaped the Abyss
   566 | D:1      | Reached * piety under Lugonu
   567 | D:1      | Reached XP level 2. HP: 21/29 MP: 5/5
   716 | D:1      | Found a faded altar of an unknown god.
   946 | D:1      | Reached XP level 3. HP: 30/35 MP: 6/6
  1383 | D:2      | Reached skill level 1 in Short Blades
  1383 | D:2      | Reached skill level 1 in Long Blades
  1383 | D:2      | Reached skill level 1 in Maces & Flails
  1383 | D:2      | Reached skill level 1 in Polearms
  1383 | D:2      | Reached skill level 1 in Staves
  1383 | D:2      | Reached skill level 1 in Slings
  1383 | D:2      | Reached skill level 1 in Bows
  1383 | D:2      | Reached skill level 1 in Crossbows
  1383 | D:2      | Reached skill level 1 in Throwing
  1383 | D:2      | Reached skill level 1 in Stealth
  1383 | D:2      | Reached skill level 1 in Shields
  1383 | D:2      | Reached skill level 1 in Unarmed Combat
  1383 | D:2      | Reached skill level 1 in Spellcasting
  1383 | D:2      | Reached skill level 1 in Evocations
  1442 | D:2      | Reached XP level 4. HP: 10/41 MP: 7/7
  1864 | D:2      | Reached skill level 1 in Conjurations
  1864 | D:2      | Reached skill level 1 in Hexes
  1864 | D:2      | Reached skill level 1 in Summonings
  1864 | D:2      | Reached skill level 1 in Necromancy
  1864 | D:2      | Reached skill level 1 in Translocations
  1864 | D:2      | Reached skill level 1 in Transmutations
  1864 | D:2      | Reached skill level 1 in Fire Magic
  1864 | D:2      | Reached skill level 1 in Ice Magic
  1864 | D:2      | Reached skill level 1 in Air Magic
  1864 | D:2      | Reached skill level 1 in Earth Magic
  1864 | D:2      | Reached skill level 1 in Poison Magic
  2401 | D:2      | Reached XP level 5. HP: 21/47 MP: 3/8
  2405 | D:2      | Slain by a gnoll

Illustrated notes

Levels and vault maps discovered:
D:1:      lightli_arrival_flooded_house, layout_loops_ring,
          shapermc_ecumenical_altar_mp_highgroup
D:2:      layout_rooms
D:3:      layout_basic, grunt_temple_overflow_open, guppyfry_early_orc_mine

Skill      XL: |  1  2  3  4 |
---------------+-------------+-----
Short Blades   | 1 |  1.3
Long Blades    | 1 |  1.3
Maces & Flails | 1 |  1.3
Polearms       | 1 |  1.3
Staves         | 1 |  1.3
Slings         | 1 |  1.3
Bows           | 1 |  1.3
Crossbows      | 1 |  1.3
Throwing       | 1 |  1.3
Stealth        | 1 |  1.3
Shields        | 1 |  1.3
Unarmed Combat | 1 |  1.3
Spellcasting   | 1 |  1.3
Evocations     | 1 |  1.3
Conjurations   | 1 |  1.0
Hexes          | 1 |  1.0
Summonings     | 1 |  1.0
Necromancy     | 1 |  1.0
Translocations | 1 |  1.0
Transmutations | 1 |  1.0
Fire Magic     | 1 |  1.0
Ice Magic      | 1 |  1.0
Air Magic      | 1 |  1.0
Earth Magic    | 1 |  1.0
Poison Magic   | 1 |  1.0
Fighting       | |  6.6
Axes           | |  4.7
Armour         | |  4.7
Dodging        | |  2.8
Invocations    | |  4.8

Action                   |  1- 3 |  4- 6 || total
-------------------------+-------+-------++-------
Melee: Hand axe          |    85 |    46 ||   131
       Bite              |     6 |     3 ||     9
       Punch             |       |     1 ||     1
Invok: Depart the Abyss  |     1 |       ||     1
  Use: Scroll            |     4 |       ||     4
 Stab: Sleeping          |     1 |       ||     1
Armor: Leather armour    |    13 |       ||    13
       Ring mail         |       |    15 ||    15
Dodge: Dodged            |    53 |    30 ||    83

Table legend: (Time is in decaauts)
 A = Elapsed time spent in this place.
 B = Non-inter-level travel time spent in this place.
 C = Inter-level travel time spent in this place.
 D = Time resting spent in this place.
 E = Time spent auto-exploring this place.
 F = Levels seen in this place.
 G = Mean time per level.
                   A        B        C        D        E       F      G
               +--------+--------+--------+--------+--------+-----+--------+
         Total |   2415 |   2391 |     24 |     98 |   1885 |   4 |  603.8 |
       Dungeon |   2375 |   2351 |     24 |     98 |   1852 |   3 |  791.7 |
         Abyss |     40 |     40 |      0 |      0 |     33 |   1 |   40.0 |
               +--------+--------+--------+--------+--------+-----+--------+

Top non-repeatable levels by time:
     D:2: 1182 daAuts
     D:1: 1168 daAuts
 Abyss:1: 40 daAuts
     D:3: 25 daAuts
